 Dungeon Crawl Stone Soup version 0.30-a0-1124-g6e8f0f562f (webtiles) character file.

Game seed: 10517633591366497898

69 pokeman the Magician (level 4, -5/25 HPs)
             Began as a Deep Elf Hedge Wizard on Apr 23, 2023.
             Slain by a gnoll
             ... wielding a +0 halberd
              (14 damage)
             ... on level 3 of the Dungeon.
             The game lasted 00:02:31 (2319 turns).

pokeman the Magician (Deep Elf Hedge Wizard)        Turns: 2319, Time: 00:02:32

Health: -5/25      AC:  2    Str:  7    XL:     4   Next: 2%
Magic:  7/13       EV: 12    Int: 21    God:
Gold:   88         SH:  0    Dex: 14    Spells: 6/14 levels left

rFire   . . .        f - +1 whip (elec)
rCold   . . .        (no shield)
rNeg    . . .        b - +0 robe
rPois   .            c - +0 hat
rElec   .            (no cloak)
rCorr   .            (no gloves)
SInv    +            (no boots)
Will    .....        (no amulet)
Stlth   ++           n - ring of see invisible
HPRegen 0.24/turn    (no ring)
MPRegen 0.13/turn

%: no passive effects
@: very slightly contaminated
A: no striking features
a: no special abilities


You were on level 3 of the Dungeon.
You visited 1 branch of the dungeon, and saw 3 of its levels.

You collected 88 gold pieces.

Inventory:

Hand Weapons
 f - a +1 whip of electrocution (weapon)
Armour
 b - a +0 robe (worn)
 c - a +0 hat (worn)
Jewellery
 n - a ring of see invisible (left hand)
Scrolls
 e - 2 scrolls of teleportation {unknown}
 g - a scroll of poison {unknown}
 j - 4 scrolls of identify {unknown}
 k - 2 scrolls of enchant weapon {unknown}
 l - 2 scrolls of amnesia {unknown}
 m - a scroll of fear {unknown}
 o - a scroll of blinking {unknown}
 r - a scroll of magic mapping {unknown}
Potions
 a - 3 potions of curing {unknown}
 d - 2 potions of magic
 h - 3 potions of attraction {unknown}
 i - 4 potions of heal wounds {unknown}
 p - a potion of might {unknown}
 q - a potion of cancellation {unknown}


   Skills:
 - Level 1.0 Fighting
 - Level 1.0 Armour
 + Level 2.5 Dodging
 + Level 2.6 Stealth
 * Level 5.5 Spellcasting
 + Level 2.0 Conjurations
 - Level 1.1 Summonings
 - Level 1.1 Translocations


You had 6 spell levels left.
You knew the following spells:

 Your Spells              Type           Power      Damage    Failure   Level
a - Magic Dart            Conj           56%        1d5       4%          1
b - Mephitic Cloud        Conj/Pois/Air  8%         N/A       24%         3
c - Call Imp              Summ           20%        N/A       10%         2
d - Blink                 Tloc           20%        N/A       10%         2

Your spell library contained the following spells:

 Spells                   Type           Power      Damage    Failure   Level
 Lesser Beckoning         Tloc           20%        N/A       10%         2
 Slow                     Hex            20%        N/A       11%         1
 Cigotuvi's Dreadful Rot  Necr/Pois/Air  10%        N/A       16%         2
 Poisonous Vapours        Pois/Air       10%        N/A       16%         2
 Gell's Gravitas          Tloc           10%        N/A       21%         3
 Teleport Other           Tloc           10%        N/A       21%         3
 Freezing Cloud           Conj/Ice/Air   4%         6-21      91%         5


Dungeon Overview and Level Annotations

Branches:
Dungeon (3/15)

Altars:
Cheibriados


Message History

There is a stone staircase leading up here.
Casting: Magic Dart (safe; 4% risk of failure)
Confirm with . or Enter, or press ? or * to list all spells.
Aiming: Magic Dart (safe; 4% risk of failure)
Press: ? - help, Shift-Dir - straight line, f - gnoll
Aim: a gnoll, wielding a +0 flail (asleep, 100% to hit)
The magic dart hits the gnoll but does no damage.
The gnoll shouts!
A gnoll comes into view. It is wielding a +0 halberd.
A gnoll comes into view. It is wielding a +0 whip.
Casting: Magic Dart (safe; 4% risk of failure)
Confirm with . or Enter, or press ? or * to list all spells.
Aiming: Magic Dart (safe; 4% risk of failure)
Press: ? - help, Shift-Dir - straight line, f/p - gnoll
Aim: a gnoll, wielding a +0 flail (100% to hit)
The magic dart hits the gnoll.
The gnoll is moderately wounded.
The gnoll shouts! x2
Casting: Magic Dart (safe; 4% risk of failure)
Confirm with . or Enter, or press ? or * to list all spells.
Aiming: Magic Dart (safe; 4% risk of failure)
Press: ? - help, Shift-Dir - straight line, f/p - gnoll
Aim: a gnoll, wielding a +0 flail (moderately wounded, 100% to hit)
The magic dart hits the gnoll.
The gnoll is severely wounded.
Unknown command.
Casting: Magic Dart (safe; 4% risk of failure)
Confirm with . or Enter, or press ? or * to list all spells.
The spell is extremely dangerous to miscast (24% risk of failure)!
Continue anyway?
Aiming: Mephitic Cloud (extremely dangerous; 24% risk of failure)
Press: ? - help, Shift-Dir - straight line, f/p - gnoll
Aim: a gnoll, wielding a +0 flail (severely wounded, chance to affect: 91%)
You miscast Mephitic Cloud.
You are very lightly contaminated with residual magic.
You are caught in an explosion of electrical discharges!
Unknown command.
The quokka barely misses you. The gnoll hits you with a +0 flail.
The gnoll hits you from afar with a +0 halberd!
Ouch! That really hurt!
You die...

..........
..........
##........
........
###.....#
.......#
#..r..#.##
#.@.......
#..g..####
#...g.....
#....g.###
#........
#######...
... .#


You could see 3 gnolls and a quokka.

Vanquished Creatures
  2 adders (D:2)
  2 dart slugs
  7 endoplasms
  2 giant cockroaches (D:2)
  4 goblins
  3 hobgoblins (D:2)
  2 quokkas (D:1)
  6 ball pythons
  A bat (D:1)
  4 frilled lizards
  7 kobolds
  7 rats
47 creatures vanquished.

Vanquished Creatures (others)
  A fungus (D:1)
1 creature vanquished.

Grand Total: 48 creatures vanquished

Notes
Turn   | Place    | Note
-------+----------+-------------------------------------------
     0 | D:1      | pokeman the Deep Elf Hedge Wizard began the quest for the
                  | Orb.
     0 | D:1      | Reached XP level 1. HP: 10/10 MP: 7/7
     2 | D:1      | Noticed a troll
     4 | D:1      | Noticed a merfolk
     4 | D:1      | Noticed an ogre
     6 | D:1      | Noticed a vine stalker
     6 | D:1      | Noticed an elf
     8 | D:1      | Noticed a spriggan
     8 | D:1      | Noticed an armataur
    10 | D:1      | Noticed a formicid
    12 | D:1      | Noticed a minotaur
    12 | D:1      | Noticed a demigod
    14 | D:1      | Noticed a ghoul
    16 | D:1      | Noticed an octopode
    16 | D:1      | Noticed a human
    18 | D:1      | Noticed a draconian
    18 | D:1      | Noticed a meteoran
    20 | D:1      | Noticed a naga
    20 | D:1      | Noticed a demonspawn
    22 | D:1      | Noticed a felid
    22 | D:1      | Noticed a tengu
    24 | D:1      | Noticed a vampire
    24 | D:1      | Noticed an elf
    27 | D:1      | Noticed a demigod
    27 | D:1      | Noticed a demonspawn
   189 | D:1      | Found a faded altar of an unknown god.
   221 | D:1      | Reached XP level 2. HP: 15/15 MP: 6/9
  1087 | D:1      | Reached skill level 5 in Spellcasting
  1356 | D:2      | Reached XP level 3. HP: 17/20 MP: 6/11
  1360 | D:2      | Learned a level 3 spell: Mephitic Cloud
  1363 | D:2      | Learned a level 2 spell: Call Imp
  1366 | D:2      | Learned a level 2 spell: Blink
  1663 | D:2      | Found a snail-covered altar of Cheibriados.
  1674 | D:2      | Reached skill level 1 in Fighting
  1721 | D:2      | Reached skill level 1 in Armour
  2059 | D:2      | Reached XP level 4. HP: 25/25 MP: 9/13
  2319 | D:3      | Slain by a gnoll

Illustrated notes

Levels and vault maps discovered:
D:1:      kb_arrival_jail, layout_loops_ring, dreamdust_ecumenical_altar_grove
D:2:      layout_basic, basic_altar, minmay_pentomino_z4
D:3:      kennysheep_goblin_castle, layout_basic, serial_shops,
          nicolae_shop_crystal, serial_corexii_hall, corexii_hall_statues_x,
          corexii_hall_statues_t

Skill      XL: |  1  2  3 |
---------------+----------+-----
Spellcasting   | 5 |  5.5
Fighting       | 1 |  1.0
Armour         | 1 |  1.0
Conjurations   | 2 |  2.0
Dodging        | |  2.5
Stealth        | |  2.6
Summonings     | |  1.1
Translocations | |  1.1

Action                     |  1- 3 |  4- 6 || total
---------------------------+-------+-------++-------
   Cast: Magic Dart        |   103 |     7 ||   110
 Armour: Robe              |     3 |       ||     3
  Dodge: Dodged            |     7 |     2 ||     9

Table legend: (Time is in decaauts)
 A = Elapsed time spent in this place.
 B = Non-inter-level travel time spent in this place.
 C = Inter-level travel time spent in this place.
 D = Time resting spent in this place.
 E = Time spent auto-exploring this place.
 F = Levels seen in this place.
 G = Mean time per level.
                   A        B        C        D        E       F      G
               +--------+--------+--------+--------+--------+-----+--------+
         Total |   2317 |   2250 |     67 |     45 |   1981 |   3 |  772.3 |
       Dungeon |   2317 |   2250 |     67 |     45 |   1981 |   3 |  772.3 |
               +--------+--------+--------+--------+--------+-----+--------+

Top non-repeatable levels by time:
     D:1: 1349 daAuts
     D:2: 962 daAuts
     D:3: 5 daAuts
